 Dungeon Crawl Stone Soup version 0.32-a0-779-g362cfcae2a (webtiles) character file.

Game seed: 10034110026960944068

20 cforsyth the Chopper (level 2, -1/26 HPs)
             Began as a Mountain Dwarf Cinder Acolyte on Mar 19, 2024.
             Was a High Priest of Ignis.
             Slain by an adder (2 damage)
             ... on level 3 of the Dungeon.
             The game lasted 00:02:42 (1245 turns).

cforsyth the Chopper (MDCA)                         Turns: 1245, Time: 00:02:44

Health: -1/26      AC:  2    Str: 16    XL:     2   Next: 58%
Magic:  1/3        EV: 10    Int: 14    God:    Ignis [*****.]
Gold:   23         SH:  0    Dex:  5    Spells: 1/3 levels left

rFire   + . .        a - -1 hand axe (flame)
rCold   . . .        (no shield)
rNeg    . . .        b - +0 robe
rPois   .            (no helmet)
rElec   .            (no cloak)
rCorr   .            (no gloves)
SInv    .            (no boots)
Will    .....        (no amulet)
Stlth   +            (no ring)
HPRegen 0.24/turn    (no ring)
MPRegen 0.08/turn

%: no passive effects
@: lethally poisoned (-1 -> -4), hasted, very quick
A: runic magic, artefact enchanting
a: Renounce Religion, Fiery Armour, Foxfire Swarm, Rising Flame


You were on level 3 of the Dungeon.
You worshipped Ignis.
Ignis was extremely pleased with you.
You visited 1 branch of the dungeon, and saw 3 of its levels.

You collected 23 gold pieces.


Innate Abilities, Weirdness & Mutations

Your spellcasting is much less encumbered by armour.
You can use scrolls of enchantment on lesser artefacts.


   Skills:
 + Level 3.5 Fighting
 + Level 3.9 Axes
 + Level 0.9 Armour
 + Level 1.2 Spellcasting
 + Level 3.9 Fire Magic


You had one spell level left.
You knew the following spells:

 Your Spells              Type           Power      Damage    Failure   Level
X - Scorch                Fire           22%        2d5       8%          2

Your spell library contained the following spells:

 Spells                   Type           Power      Damage    Failure   Level


Inventory:

Hand Weapons
 a - a -1 hand axe of flaming (weapon)
Armour
 b - a +0 robe (worn)
Wands
 h - a wand of flame (8)
Scrolls
 e - a scroll of fog

Dungeon Overview and Level Annotations

Branches:
Dungeon (3/15)

Altars:

Annotations:
D:2 Natasha

###############
###############
###############
###############
############### *
*############### *
*...############ *
*.......@S.##### *
*...######.##### *
*#.#######.#####
#####***##.#######.#####
....),,,...#######.#####
,....####...######.#####
####...........###.#####
.....))......#.###.#####
#######........# #.#


You could see an adder.


Message History

Unknown command.
Unknown command.
You closely miss the adder.
The adder is heavily wounded.
* * * LOW HITPOINT WARNING * * *
You feel sick. The adder barely misses you.
The adder bites you but does no damage.
Unknown command.
Unknown command.
It was a potion of cancellation.
You feel magically purged.
* * * LOW HITPOINT WARNING * * *
You feel sick. The adder closely misses you.
It was a potion of haste.
You feel yourself speed up.
* * * LOW HITPOINT WARNING * * *
You feel sick. The adder barely misses you.
As you read the scroll labelled YXANASTROIMU, it crumbles to dust.
You feel aware of your surroundings.
You sensed 1 altar.
It was a scroll of revelation.
* * * LOW HITPOINT WARNING * * *
You feel sick. The adder bites you.
* * * LOW HITPOINT WARNING * * *
As you read the scroll labelled KOTYLO VORI, it crumbles to dust.
It is a scroll of identify.
e - a scroll of fog
* * * LOW HITPOINT WARNING * * *
You feel sick.
The adder is no longer more vulnerable to fire.
The adder bites you.
You die...
Ignis goes out, and joins you in death.

Action                     || total
---------------------------++-------
  Melee: Hand axe          ||    30
   Cast: Scorch            ||    13
    Use: Scroll            ||     2
         Potion            ||     2
 Armour: Robe              ||    36
  Dodge: Dodged            ||    29

Levels and vault maps discovered:
D:1:      dpeg_arrival_fog, layout_rooms, chequers_serial_rivers_micro_c
D:2:      layout_basic, uniq_sigmund, uniq_natasha, uniq_terence
D:3:      layout_loops_ring, lightli_temple_of_fire

Notes
Turn   | Place    | Note
-------+----------+-------------------------------------------
     0 | D:1      | cforsyth the Mountain Dwarf Cinder Acolyte began the quest
                  | for the Orb.
     0 | D:1      | Reached XP level 1. HP: 19/19 MP: 2/2
     4 | D:1      | You fall into a shaft and drop 1 floor!
   154 | D:2      | Noticed Natasha
   165 | D:2      | Noticed a cerulean imp
   174 | D:2      | Noticed a cerulean imp
   386 | D:3      | Reached XP level 2. HP: 18/26 MP: 3/3
   589 | D:3      | Learned a level 2 spell: Scorch
  1244 | D:3      | HP: 2/26 [adder (1)]
  1245 | D:3      | Slain by an adder

Vanquished Creatures
  A dart slug (D:2)
  2 ball pythons
  2 endoplasms
  A giant cockroach (D:2)
  A goblin (D:3)
  4 kobolds
  2 bats (D:3)
  A frilled lizard (D:2)
  4 rats
18 creatures vanquished.

Table legend: (Time is in decaauts)
 A = Elapsed time spent in this place.
 B = Non-inter-level travel time spent in this place.
 C = Inter-level travel time spent in this place.
 D = Time resting spent in this place.
 E = Time spent auto-exploring this place.
 F = Levels seen in this place.
 G = Mean time per level.
                   A        B        C        D        E       F      G
               +--------+--------+--------+--------+--------+-----+--------+
         Total |   1246 |   1246 |      0 |    345 |    669 |   3 |  415.3 |
       Dungeon |   1246 |   1246 |      0 |    345 |    669 |   3 |  415.3 |
               +--------+--------+--------+--------+--------+-----+--------+

Top non-repeatable levels by time:
     D:3: 648 daAuts
     D:2: 594 daAuts
     D:1: 4 daAuts

Table legend:
 A = Non-vault XP
 B = Vault XP
 C = Vault XP percentage of total XP
 D = Non-vault monster count
 E = Vault monster count
 F = Vault count percentage of total count
                 A         B        C        D         E       F
            +---------+---------+-------+---------+---------+-------
      Total |      29 |       0 |   0.0 |      18 |       0 |   0.0
            +---------+---------+-------+---------+---------+-------
        D:2 |      15 |       0 |   0.0 |       9 |       0 |   0.0
        D:3 |      14 |       0 |   0.0 |       9 |       0 |   0.0
            +---------+---------+-------+---------+---------+-------
